 Dungeon Crawl Stone Soup version 0.20.0-8-g6b59dc7 (webtiles) character file.

43876 4thArraOfDagon the Fencer (level 14, -6/106 HPs)
             Began as a Barachi Fighter on June 2, 2017.
             Was an Elder of Cheibriados.
             Mangled by a red ugly thing (9 damage)
             ... on level 15 of the Dungeon.
             The game lasted 00:45:40 (7216 turns).

4thArraOfDagon the Fencer (Barachi Fighter)         Turns: 7216, Time: 00:45:41

Health: -6/106     AC: 16    Str: 29    XL:     14   Next: 26%
Magic:  16/21      EV: 23    Int: 23    God:    Cheibriados [****..]
Gold:   774        SH:  0    Dex: 23    Spells: 12/13 levels left

rFire    + . .     SeeInvis .   p - +1 scimitar (flame)
rCold    + . .     Gourm    +   (no shield)
rNeg     . . .     Faith    .   g - +0 chain mail
rPois    +         Spirit   .   N - +3 helmet of Pikh {+Blink +Inv}
rElec    +         Reflect  .   e - +0 cloak
rCorr    +         Harm     .   G - +0 pair of gloves
MR       +....                  C - +0 pair of boots
Stlth    ..........             J - amulet of the gourmand
Regen    0.3/turn               V - ring of wizardry
MPRegen  0.2/turn               F - +5 ring of evasion

@: resistant, very slow
A: +LOS, swims, fangs 1, frail 1, poison resistance, slowness 1, strong 1, wild
magic 2, evolution 1, strong legs 2
a: Hop, Bend Time, Temporal Distortion, Slouch, Renounce Religion, Evoke Blink,
Evoke Invisibility


You were on level 15 of the Dungeon.
You worshipped Cheibriados.
Cheibriados was greatly pleased with you.
You were very full.

You visited 2 branches of the dungeon, and saw 16 of its levels.
You visited the Abyss 1 time.

You collected 774 gold pieces.

Inventory:

Hand Weapons
 a - a +1 long sword
 m - a +0 rapier of protection
 p - a +1 scimitar of flaming (weapon)
 t - a +0 great sword of flaming
Missiles
 U - a throwing net (quivered)
Armour
 b - a +0 scale mail
 c - a +0 shield
 d - a +1 hat
 e - a +0 cloak (worn)
 g - a +0 chain mail (worn)
 x - a cursed +0 leather armour
 C - a +0 pair of boots (worn)
 G - a +0 pair of gloves (worn)
 I - a +0 leather armour of cold resistance
 N - the +3 helmet of Pikh (worn) {+Blink +Inv}
   (You found it on level 11 of the Dungeon)

   It lets you turn invisible.
   It lets you blink.
 P - a +0 robe of magic resistance
Jewellery
 u - an uncursed amulet of rage
 F - a +5 ring of evasion (right hand)
 J - an amulet of the gourmand (around neck)
 V - a ring of wizardry (left hand)
Wands
 z - a wand of polymorph (0/24)
 H - a wand of flame (4/48)
 S - a wand of iceblast (0/15)
Scrolls
 i - 5 scrolls of remove curse
 j - a scroll of enchant weapon
 l - a scroll of enchant armour {unknown}
 s - 2 scrolls of identify
 y - 3 scrolls of noise {unknown}
 B - 3 scrolls of amnesia
 D - a scroll of recharging {unknown}
 E - 3 scrolls of immolation {unknown}
 M - 2 scrolls of torment {unknown}
 O - 2 scrolls of magic mapping
 Q - 2 scrolls of fear {unknown}
 R - a scroll of holy word
 W - a scroll of fog
Potions
 h - 2 potions of mutation
 n - 3 potions of brilliance
 q - 2 potions of flight
 r - 2 potions of haste
 w - 2 potions of lignification
 L - 2 potions of degeneration
 T - a potion of ambrosia {unknown}
Comestibles
 f - 9 bread rations
 k - 2 royal jellies
 v - 8 meat rations
 K - 4 fruits


   Skills:
 + Level 13.1 Fighting
 * Level 17.5 Long Blades
 - Level 3.6 Armour
 + Level 11.9 Dodging
 - Level 3.2 Shields
 + Level 10.1 Invocations


You had 12 spell levels left.
You knew the following spells:

 Your Spells              Type           Power        Failure   Level  Hunger
a - Apportation           Tloc           #.....       45%         1    ##.....


Dungeon Overview and Level Annotations

Branches:
Dungeon (15/15)            Temple (1/1) D:4            Lair (0/6) D:9
    Orc: D:9-12      Vaults: D:13-14     Depths: D:15

Altars:
Ashenzari
Cheibriados
Elyvilon
Gozag
Nemelex Xobeh
Okawaru
Qazlal
Ru
Uskayaw

Shops:
D:11 }   D:15 %


Innate Abilities, Weirdness & Mutations

Shadows flee at your approach. (+LOS)
You can swim through water.
You cover ground slowly.
You can hop longer distances.
You have very sharp teeth.
You are frail. (-10% HP)
Your system is resistant to poisons. (rPois)
Your muscles are strong. (Str +2)
Your spells are harder to cast, but more powerful.
You evolve.


Message History

The red ugly thing is severely wounded.
The red ugly thing barely misses you.
Unknown command.
Unknown command.
Okay, then.
Okay, then.
Unknown command.
Okay, then.
Unknown command.
You can feel time thicken for a moment.
You kill the red ugly thing!
Cheibriados thoroughly appreciates the change of pace.
You kill the orc!
Cheibriados appreciates the change of pace.
You feel somewhat less full.
You can no longer step out of the time flow.
Cheibriados lowers the support of your attributes as your movement quickens.
Unknown command.
You fail to use your ability.
The red ugly thing tail-slaps you!
You die...

.......#
####..............#
.......#
#.................#
.[.....#
#.................#
.......# .(...............
##....#######..............
.....(..))(.)...).)........
##....####(....uu()..#.####
##....#
#######u##..#.######
......# #@###.u.......
#.....# #(###.......#.
##..... #.(##........o
##..#. #..(.$......#. #..#.
##............ #..####+
#..........#. ###..#...#
#..........# #......≈.#.≈
#..........# ..##.....#..
#..........#


You could see 3 ugly things.

Vanquished Creatures
  Rupert (D:13)
  Gastronok (D:11)
  A green death (Abyss:2)
  Josephine (D:13)
  A great orb of eyes (Abyss:2)
  2 hydras
  A vault guard (D:13)
  Erica (D:8)
  4 two-headed ogres
  A catoblepas (D:15)
  A tengu warrior (D:13)
  5 centaur warriors
  A spatial maelstrom (Abyss:2)
  3 unseen horrors
  A wizard (D:13)
  A deep elf mage (D:15)
  An orc knight (D:15)
  4 ugly things
  A manticore (D:13)
  3 cyclopes
  4 centaur zombies
  Joseph (D:8)
  An orange demon (Abyss:2)
  A smoke demon (Abyss:2)
  A kobold demonologist (D:13)
  An efreet (D:10)
  2 hellwings (Abyss:2)
  An ancient zyme (Abyss:2)
  12 slime creatures
  3 hippogriffs
  3 raiju (Abyss:2)
  A ynoxinul (Abyss:2)
  5 wraiths
  2 shadows
  2 wyverns
  9 humans (D:13)
  14 yaks
  A steam dragon (D:14)
  A neqoxec (Abyss:2)
  A hungry ghost (D:5)
  3 large abominations (Abyss:2)
  An acid dragon (D:13)
  A water moccasin (D:5)
  A soldier ant (D:11)
  Duvessa (D:7)
  3 ice beasts
  6 orc warriors
  2 black bears
  A black bear (shapeshifter) (D:13)
  An eye of draining (D:12)
  8 ogres
  10 centaurs
  2 phantoms (D:5)
  A crocodile (D:13)
  2 big kobolds
  7 bullfrogs
  A gnoll sergeant (D:10)
  2 small abominations (Abyss:2)
  Dowan (D:7)
  4 scorpions
  11 killer bees
  7 wights
  7 crimson imps
  13 starcursed masses (Abyss:2)
  8 hounds
  2 bullfrog zombies (D:5)
  5 jellies
  7 orc priests
  Crazy Yiuf (D:2)
  5 centaur skeletons
  14 orc wizards
  A bullfrog skeleton (D:12)
  2 iguanas
  10 worker ants
  3 hound zombies
  A hound skeleton (D:6)
  A howler monkey skeleton (D:6)
  A worker ant zombie (D:11)
  14 gnolls
  10 adders
  An ufetubus (Abyss:2)
  An ooze (D:3)
  3 adder skeletons
  A leopard gecko (D:1)
  40 orcs
  2 ball pythons
  6 giant cockroaches
  5 goblins
  7 hobgoblins
  14 jackals
  7 kobolds
  4 quokkas
  6 bats
  5 frilled lizards
  3 rats
387 creatures vanquished.

Vanquished Creatures (others)
  A howler monkey (D:5)
  A plant (D:11)
2 creatures vanquished.

Grand Total: 389 creatures vanquished

Notes
Turn   | Place    | Note
-------+----------+-------------------------------------------
     0 | D:1      | 4thArraOfDagon the Barachi Fighter began the quest for the Orb.
     0 | D:1      | Reached XP level 1. HP: 18/18 MP: 1/1
    66 | D:2      | Reached XP level 2. HP: 13/25 MP: 2/2
   132 | D:3      | Reached skill level 3 in Long Blades
   205 | D:3      | Reached XP level 3. HP: 14/30 MP: 3/3
   280 | D:3      | Reached skill level 1 in Dodging
   304 | D:3      | Reached XP level 4. HP: 23/38 MP: 4/4
   311 | D:3      | Reached skill level 4 in Long Blades
   505 | D:4      | Found a staircase to the Ecumenical Temple.
   515 | Temple   | Entered the Ecumenical Temple
   551 | Temple   | Became a worshipper of Cheibriados the Contemplative
   679 | D:2      | Reached XP level 5. HP: 38/43 MP: 5/5
   732 | D:2      | Found a runed door.
   736 | D:2      | Noticed Crazy Yiuf
   743 | D:2      | Killed Crazy Yiuf
   835 | D:2      | Reached * piety under Cheibriados
   835 | D:2      | Reached skill level 5 in Long Blades
  1020 | D:1      | Reached skill level 5 in Fighting
  1146 | D:2      | Reached skill level 1 in Invocations
  1162 | D:2      | Reached XP level 6. HP: 38/51 MP: 6/6
  1244 | D:2      | Reached ** piety under Cheibriados
  1305 | D:2      | Found an opulent altar of Gozag.
  1470 | D:4      | Noticed an ice beast
  1488 | D:4      | Was placed under penance by Cheibriados
  1490 | D:4      | Killed an ice beast
  1490 | D:4      | Reached skill level 6 in Long Blades
  1576 | D:4      | Was forgiven by Cheibriados
  1675 | D:4      | Learned a level 1 spell: Apportation
  1740 | D:4      | Reached XP level 7. HP: 52/56 MP: 8/8
  1744 | D:5      | Entered Level 5 of the Dungeon
  1835 | D:5      | Noticed a hungry ghost
  1848 | D:5      | Killed a hungry ghost
  1896 | D:5      | Noticed Pikel
  1901 | D:5      | Noticed Pikel
  1901 | D:5      | Pikel changed into Pikel the water moccasin
  1909 | D:5      | Killed Pikel the water moccasin
  1909 | D:5      | Reached skill level 7 in Long Blades
  1944 | D:6      | Noticed a wyvern
  1944 | D:6      | an ice beast changed into a wyvern
  2002 | D:5      | Reached XP level 8. HP: 61/64 MP: 10/10
  2370 | D:5      | Reached *** piety under Cheibriados
  2370 | D:5      | Reached skill level 8 in Long Blades
  2628 | D:6      | Found a sparkling altar of Nemelex Xobeh.
  2704 | D:6      | Found a stormy altar of Qazlal.
  2801 | D:6      | Reached skill level 5 in Dodging
  2812 | D:6      | Identified Raeskiov's Reference Book on Conjuration
  2949 | D:7      | Killed a wyvern
  2958 | D:7      | Reached XP level 9. HP: 65/72 MP: 10/12
  2983 | D:7      | Reached skill level 9 in Long Blades
  2996 | D:7      | Noticed Duvessa
  2996 | D:7      | Noticed Dowan
  3009 | D:7      | Killed Duvessa
  3020 | D:7      | Killed Dowan
  3128 | D:7      | Reached **** piety under Cheibriados
  3209 | D:8      | Noticed Erica
  3217 | D:8      | Was placed under penance by Cheibriados
  3225 | D:8      | Killed Erica
  3225 | D:8      | Reached skill level 10 in Long Blades
  3316 | D:8      | Was forgiven by Cheibriados
  3316 | D:8      | Reached skill level 5 in Invocations
  3424 | D:9      | Found a white marble altar of Elyvilon.
  3424 | D:9      | Found a shattered altar of Ashenzari.
  3488 | D:9      | Reached XP level 10. HP: 70/80 MP: 13/13
  3532 | D:8      | BLOAX: hiya
  3532 | D:8      | Noticed Joseph
  3553 | D:8      | Killed Joseph
  3579 | D:9      | 4thArraOfDagon: hiii
  3592 | D:9      | 4thArraOfDagon: ohh
  3592 | D:9      | 4thArraOfDagon: its you
  3608 | D:9      | Reached skill level 11 in Long Blades
  3626 | D:9      | BLOAX: https://dl.dropboxusercontent.com/u/63152810/n/xcom/f/ech/wat3.gif it's me!
  3650 | D:9      | Found a staircase to the Lair.
  3747 | D:10     | Entered Level 10 of the Dungeon
  3749 | D:10     | BLOAX: and i'm briefly doing shit again FeelsGoodMan
  3765 | D:10     | Noticed an orc knight
  3765 | D:10     | Noticed a five-headed hydra
  3863 | D:10     | Killed a one-headed hydra
  3946 | D:11     | Reached ***** piety under Cheibriados
  4012 | D:11     | Noticed a two-headed ogre
  4014 | D:11     | BLOAX: oh shit watch out
  4018 | D:11     | BLOAX: it's a diving frog
  4024 | D:11     | Killed a two-headed ogre
  4024 | D:11     | Reached skill level 12 in Long Blades
  4041 | D:11     | Noticed Gastronok
  4046 | D:11     | BLOAX: a randart helmet???
  4067 | D:11     | BLOAX: strangely alluring ...
  4115 | D:10     | Reached XP level 11. HP: 27/89 MP: 9/15
  4116 | D:10     | BLOAX: surely it can't be the +5 helmet of regen slay+4
  4249 | D:11     | Killed Gastronok
  4309 | D:11     | BLOAX: or can you not wear helmets :^)
  4310 | D:11     | Reached skill level 13 in Long Blades
  4407 | D:10     | Reached skill level 10 in Fighting
  4421 | D:10     | Noticed a two-headed ogre
  4429 | D:10     | Killed a two-headed ogre
  4444 | D:11     | Found Ruppup's Gadget Boutique.
  4497 | D:11     | Got a heavily runed helmet
  4508 | D:11     | Identified the +3 helmet of Pikh {+Blink +Inv} (You found it on level 11 of the Dungeon)
  4740 | D:12     | Noticed a cyclops
  4753 | D:12     | Killed a cyclops
  4783 | D:12     | 4thArraOfDagon: where have you been
  4783 | D:12     | 4thArraOfDagon: in overwatch lands?
  4809 | D:12     | Reached skill level 14 in Long Blades
  4834 | D:12     | BLOAX: mostly, yes
  4840 | D:12     | Killed an unseen horror
  4840 | D:12     | Reached XP level 12. HP: 65/99 MP: 17/17
  4846 | D:12     | BLOAX: alongside not doing anything ever lands
  4993 | D:13     | Noticed a tengu warrior
  4993 | D:13     | Noticed a centaur warrior
  5002 | D:13     | Killed a tengu warrior
  5003 | D:13     | Killed a centaur warrior
  5179 | D:13     | Noticed Josephine
  5185 | D:13     | Killed Josephine
  5190 | D:13     | Reached skill level 15 in Long Blades
  5190 | D:13     | Reached skill level 10 in Dodging
  5274 | D:13     | Cast into level 2 of the Abyss (a wizard)
  5293 | Abyss:2  | Found a stormy altar of Qazlal.
  5311 | Abyss:2  | Found a corrupted altar of Lugonu.
  5394 | Abyss:2  | Noticed a great orb of eyes
  5410 | Abyss:2  | Noticed a starcursed mass
  5425 | Abyss:2  | BLOAX: hey look it's the land of much exp and dying
  5428 | Abyss:2  | Killed a great orb of eyes
  5436 | Abyss:2  | BLOAX: amazing
  5440 | Abyss:2  | Gained mutation: You are weak. (Str -2) [a neqoxec]
  5442 | Abyss:2  | Gained mutation: Your body sometimes deteriorates upon taking damage. [a neqoxec]
  5451 | Abyss:2  | Lost mutation: Your body sometimes deteriorates upon taking damage. [potion of mutation]
  5451 | Abyss:2  | Lost mutation: You are weak. (Str -2) [potion of mutation]
  5451 | Abyss:2  | Gained mutation: Your spells are a little harder to cast, but a little more powerful. [potion of mutation]
  5451 | Abyss:2  | Gained mutation: Your spells are harder to cast, but more powerful. [potion of mutation]
  5451 | Abyss:2  | Gained mutation: Your system is resistant to poisons. (rPois) [potion of mutation]
  5470 | Abyss:2  | Noticed a rakshasa
  5475 | Abyss:2  | BLOAX: instant wild magic 2 FeelsBadMan
  5530 | Abyss:2  | Noticed a green death
  5543 | Abyss:2  | Killed a green death
  5589 | Abyss:2  | Noticed a starcursed mass
  5593 | Abyss:2  | BLOAX: most convenient rpois mutation timing i've seen
  5599 | Abyss:2  | Killed a starcursed mass
  5599 | Abyss:2  | Gained mutation: You can hop longer distances. [Barachi growth]
  5599 | Abyss:2  | Reached XP level 13. HP: 50/106 MP: 13/19
  5601 | Abyss:2  | HP: 2/107 [raiju/living lightning (23)]
  5692 | Abyss:2  | Noticed a blizzard demon
  5709 | Abyss:2  | BLOAX: are you sure this is your game and not mine
  5709 | Abyss:2  | BLOAX: reminds me too much of my abyss trips : - )
  5745 | Abyss:2  | Reached skill level 16 in Long Blades
  5855 | Abyss:2  | 4thArraOfDagon: enter?:)
  5959 | Abyss:2  | 4thArraOfDagon: :)
  5960 | D:13     | Escaped the Abyss
  6114 | D:14     | BLOAX: aw fuck i missed the escape while i was drawing
  6215 | D:15     | Entered Level 15 of the Dungeon
  6312 | D:13     | Gained mutation: You are frail. (-10% HP) [mutagenic meat]
  6313 | D:13     | Gained mutation: You evolve. [mutagenic meat]
  6376 | D:13     | Noticed Rupert
  6378 | D:13     | BLOAX: allahu akbar
  6383 | D:13     | Paralysed by Rupert for 7 turns
  6391 | D:13     | BLOAX: cheaters
  6393 | D:13     | Noticed a vault guard
  6396 | D:13     | Killed Rupert
  6401 | D:13     | Killed a vault guard
  6415 | D:13     | BLOAX: this reminds me of that one time i killed rupert with only a blowgun and curare needles
  6427 | D:13     | 4thArraOfDagon: upgrade!
  6427 | D:13     | BLOAX: alongside using temporal distortion every time he got adjacent
  6436 | D:13     | BLOAX: big sword but no shield feelsbadman
  6447 | D:13     | BLOAX: it'll have to do
  6513 | D:13     | BLOAX: for whom the bell tolls
  6630 | D:13     | BLOAX: man i love watching me some chei suicide runs
  6646 | D:13     | 4thArraOfDagon: not for me!
  6688 | D:13     | BLOAX: it's hilarious how much time you spend close to death
  6700 | D:13     | BLOAX: and just not dying
  6711 | D:13     | Reached skill level 17 in Long Blades
  6847 | D:13     | Reached XP level 14. HP: 67/104 MP: 21/21
  7050 | D:15     | Found Zuuk's Food Shop.
  7090 | D:15     | BLOAX: dude
  7094 | D:15     | BLOAX: you forgot the shield !!
  7099 | D:15     | Reached skill level 10 in Invocations
  7171 | D:15     | Gained mutation: You have very sharp teeth. [mutagenic meat]
  7172 | D:15     | Gained mutation: Your muscles are strong. (Str +2) [mutagenic meat]
  7213 | D:15     | HP: 2/106 [red ugly thing (6)]
  7216 | D:15     | Mangled by a red ugly thing

Skill      XL: |  1  2  3  4  5  6  7  8  9 10 11 12 13 14 |
---------------+-------------------------------------------+-----
Long Blades    | 3 4 5 6 7 8 10 12 14 15 17 | 17.5
Fighting       | 4 5 6 7 8 9 10 11 12 13 | 13.1
Dodging        | 1 2 3 4 5 6 8 9 10 11 | 11.9
Invocations    | 1 2 4 5 6 7 8 9 10 | 10.1
Armour         | |  3.6
Shields        | |  3.2

Action                   |  1- 3 |  4- 6 |  7- 9 | 10-12 | 13-15 || total
-------------------------+-------+-------+-------+-------+-------++-------
Melee: Long sword        |    68 |   179 |   283 |       |       ||   530
       Rapier            |       |    22 |       |       |       ||    22
       Scimitar          |       |       |    44 |   449 |   349 ||   842
       Great sword       |       |       |       |       |     3 ||     3
       Bite              |       |       |       |       |    16 ||    16
Throw: Throwing net      |       |     1 |       |       |       ||     1
Invok: Slouch            |       |       |       |     8 |     6 ||    14
       Temporal Distorti |       |       |       |     2 |       ||     2
       Bend Time         |       |       |       |     1 |     2 ||     3
 Abil: Evoke Berserk Rag |       |     1 |     1 |       |       ||     2
Evoke: Wand              |       |       |     9 |       |     9 ||    18
  Use: Potion            |     1 |     1 |     1 |     8 |     7 ||    18
       Scroll            |       |     8 |     6 |     5 |    10 ||    29
 Stab: Held in net/web   |       |     2 |       |       |       ||     2
       Distracted        |       |       |       |     1 |       ||     1
  Eat: Chunk             |       |     4 |    10 |     5 |     6 ||    25
       Royal jelly       |       |       |     2 |     1 |       ||     3
       Fruit             |       |       |     1 |     2 |     3 ||     6
Armor: Scale mail        |     3 |       |       |       |       ||     3
       Chain mail        |    22 |   108 |   117 |    89 |    82 ||   418
Dodge: Dodged            |    18 |    47 |   137 |   257 |   287 ||   746
Block: Shield            |    35 |   107 |   173 |   230 |    92 ||   637
       Rpst.: Long sword |     6 |    12 |    27 |       |       ||    45
       Scimitar          |       |       |     5 |    64 |    69 ||   138
